 Dungeon Crawl Stone Soup version 0.29-a0-82-g837932c90e (webtiles) character file.

Game seed: 4439742660205453428

406 dmks the Magician (level 7, -10/45 HPs)
             Began as a Djinni Fire Elementalist on Feb 5, 2022.
             Mangled by Duvessa (18 damage)
             ... on level 4 of the Dungeon.
             The game lasted 00:13:18 (5607 turns).

dmks the Magician (Djinni Fire Elementalist)        Turns: 5607, Time: 00:13:19

Health: -10/45     AC:  3    Str:  7    XL:     7   Next: 12%
Gold:   143        EV: 13    Int: 19    God:
                   SH:  0    Dex: 13

rFire   + + .      SeeInvis .   (no weapon)
rCold   x . .      Faith    .   (no shield)
rNeg    . . .      Spirit   .   a - +0 robe
rPois   ∞          Reflect  .   (no helmet)
rElec   .          Harm     .   l - +0 cloak
rCorr   .          Rampage  .   (no gloves)
Will    .....                   (boots unavailable)
Stlth   ++........              (no amulet)
HPRegen 0.15/turn               (no ring)
MPRegen 0.00/turn               (no ring)

@: flying
A: sickness immunity, fire resistance 2, cold vulnerability 1, float, innate
caster, HP casting, extra vitality 1
a: no special abilities


You were on level 4 of the Dungeon.
You visited 1 branch of the dungeon, and saw 4 of its levels.
You also visited: Ossuary.

You collected 143 gold pieces.

Inventory:

Armour
 a - a +0 robe (worn)
 l - a +0 cloak (worn)
   (You found it on level 3 of the Dungeon)
Wands
 d - a wand of iceblast (10)
   (You took it off a hobgoblin on level 3 of the Dungeon)
 t - a wand of flame (29)
   (You found it on level 3 of the Dungeon)
Scrolls
 b - a scroll of teleportation {unknown}
 f - 2 scrolls of magic mapping
 h - a scroll of vulnerability {!r}
 i - 2 scrolls of enchant weapon {unknown}
 k - a scroll of immolation {!r}
 m - a scroll of fog {unknown}
 p - 2 scrolls of summoning {unknown}
 s - a scroll of fear {unknown}
 v - a scroll of enchant armour {unknown}
Potions
 c - 2 potions of might {unknown}
 e - 2 potions of curing {unknown}
 g - a potion of ambrosia {unknown}
 j - 2 potions of cancellation {unknown}
 n - 3 potions of mutation {unknown}
 o - a potion of invisibility {unknown}
 q - a potion of haste {unknown}
 r - a potion of heal wounds {unknown}
 u - a potion of berserk rage {unknown}
 w - a potion of brilliance {unknown}


   Skills:
 + Level 4.3 Dodging
 + Level 3.3 Stealth
 * Level 4.4 Spellcasting


You couldn't memorise any spells.
You knew the following spells:

 Your Spells              Type           Power      Damage    Failure   Level
a - Foxfire               Conj/Fire      80%        2x1d8     2%          1
b - Scorch                Fire           40%        2d7       3%          2
c - Inner Flame           Hex/Fire       20%        N/A       6%          3
d - Conjure Flame         Conj/Fire      20%        6-21      6%          3
e - Flame Wave            Conj/Fire      20%        2d7       22%         4
f - Sandblast             Erth           40%        2d10      2%          1
g - Corpse Rot            Necr/Air       40%        N/A       3%          2
h - Ignite Poison         Fire/Tmut/Pois 20%        N/A       6%          3
Your spell library was empty.

Dungeon Overview and Level Annotations

Branches:
Dungeon (4/15)            Ossuary (visited)
 Temple: D:4-7

Altars:

Annotations:
D:2 Sigmund
D:4 Duvessa


Innate Abilities, Weirdness & Mutations

You are immune to sickness and miasma.
You are immune to poison.
Your flesh is very heat resistant. (rF++)
You are vulnerable to cold. (rC-)
You float through the air rather than walking.
You learn spells naturally, not from books.
Your magical power is your life essence.
You have superior vitality. (+4 MHP)


Message History

Found a dented golden amulet.
You see here an amulet of magic regeneration.
A kobold comes into view.
It is wielding a +0 dagger and quivering poisoned darts.
You can't see any susceptible monsters within range! (Use Z to cast anyway.)
The kobold throws a poisoned dart.
The poisoned dart hits you!
Flames lash the kobold.
You kill the kobold!
You now have 143 gold pieces (gained 12).
Things that are here:
a +0 dagger; 4 poisoned darts
Found an escape hatch in the floor.
Found a dark potion.
w - a dark potion
Found a stone staircase leading up.
Dowan is nearby!
There is a stone staircase leading up here.
You conjure some foxfire!
You conjure some foxfire!
The foxfire hits Dowan!
Dowan shouts!
The foxfire hits Dowan but does no damage.
You conjure some foxfire!
The foxfire hits Dowan.
The foxfire hits Dowan.
Duvessa, Sister of Dowan comes into view.
She is wielding a +0 short sword.
You conjure some foxfire!
Dowan barely misses you.
The foxfire hits Dowan!
You kill Dowan!
You hear a distant scream of rage.
You have reached level 7!
The power to cast Ignite Poison wells up from within.
Spell assigned to 'h'.
Duvessa goes berserk!
There is a stone staircase leading up here.
Flames lash Duvessa.
Duvessa's fire resistance burns away.
Duvessa barely misses you. Duvessa completely misses you. Duvessa misses you.
Flames lash Duvessa.
Duvessa is burned terribly!
Duvessa hits you with a +0 short sword! Duvessa misses you.
Duvessa hits you with a +0 short sword!
* * * LOW HITPOINT WARNING * * *
Flames lash Duvessa but do no damage.
* * * LOW HITPOINT WARNING * * *
Duvessa misses you. Duvessa closely misses you. Duvessa barely misses you.
Flames lash Duvessa.
Duvessa is burned terribly!
* * * LOW HITPOINT WARNING * * *
Duvessa closely misses you. Duvessa hits you with a +0 short sword!
* * * LOW HITPOINT WARNING * * *
Duvessa hits you with a +0 short sword!!
You die...

....# ##.....##
#.....# .##.#
##...## ###.###
.##.# ##+## #.#
....# #.# #.#
....##
#.###########.#
.....#
##.##..........#
##...#
##...#.##########
##...# #......#
.....#######...#@#
##............##e#
###.#######..##.#
####.# #..)..#
.....# ##.####
###### #§# ## #e#
#. #.# #. #.#


You could see Duvessa (berserk, combustible).

Vanquished Creatures
  Menkaure (Ossuary)
  Dowan (D:4)
  A howler monkey (D:4)
  2 orc wizards (D:4)
  3 mummies (Ossuary)
  2 adders (D:2)
  A worm (D:2)
  A dart slug (D:1)
  4 orcs (D:4)
  4 endoplasms
  3 giant cockroaches
  3 gnoll zombies (Ossuary)
  10 hobgoblins
  3 jackals (D:2)
  2 quokkas
  A ball python (D:2)
  3 bats
  2 frilled lizards
  5 gnoll skeletons (Ossuary)
  5 goblins
  3 goblin skeletons (Ossuary)
  6 goblin zombies (Ossuary)
  6 hobgoblin skeletons (Ossuary)
  5 hobgoblin zombies (Ossuary)
  9 kobolds
  5 kobold skeletons (Ossuary)
  5 kobold zombies (Ossuary)
  3 orc skeletons (Ossuary)
  2 orc zombies (Ossuary)
  6 rats
  3 rat skeletons (Ossuary)
  4 rat zombies (Ossuary)
114 creatures vanquished.

Vanquished Creatures (others)
  A hobgoblin (D:3)
  271 foxfires
272 creatures vanquished.

Grand Total: 386 creatures vanquished

Notes
Turn   | Place    | Note
-------+----------+-------------------------------------------
     0 | D:1      | dmks the Djinni Fire Elementalist began the quest for the
                  | Orb.
     0 | D:1      | Reached XP level 1. HP: 15/15 MP: 0/0
   245 | D:1      | Reached XP level 2. HP: 18/21 MP: 0/0
   812 | D:1      | Reached XP level 3. HP: 24/25 MP: 0/0
   812 | D:1      | Learned a level 1 spell: Sandblast
  1311 | D:2      | Noticed Sigmund
  1360 | D:2      | Reached XP level 4. HP: 27/31 MP: 0/0
  2535 | D:3      | Found a faded altar of an unknown god.
  2929 | D:4      | Noticed Dowan
  2978 | D:4      | Found a sand-covered staircase.
  2983 | Ossuary  | Entered an ossuary
  3929 | Ossuary  | Reached XP level 5. HP: 28/35 MP: 0/0
  3929 | Ossuary  | Learned a level 2 spell: Corpse Rot
  4251 | Ossuary  | Noticed Menkaure
  4258 | Ossuary  | Killed Menkaure
  4259 | Ossuary  | Reached XP level 6. HP: 11/40 MP: 0/0
  5590 | D:4      | Noticed Duvessa
  5596 | D:4      | Killed Dowan
  5597 | D:4      | Reached XP level 7. HP: 42/45 MP: 0/0
  5597 | D:4      | Learned a level 3 spell: Ignite Poison
  5607 | D:4      | Mangled by Duvessa

Illustrated notes

Levels and vault maps discovered:
D:1:      minmay_arrival_shoal_huts, layout_rooms, minmay_misc_feat_four_crosses
D:2:      layout_basic, uniq_sigmund
D:3:      layout_basic, chequers_ecumenical_altar_simple
D:4:      layout_loops_corners, gammafunk_ghost_necromancy, enter_ossuary_2,
          uniq_duvessa

Skill      XL: |  1  2  3  4  5  6 |
---------------+-------------------+-----
Stealth        | 2 3 |  3.3
Spellcasting   | 3 4 |  4.4
Dodging        | 3 4 |  4.3

Action                   |  1- 3 |  4- 6 |  7- 9 || total
-------------------------+-------+-------+-------++-------
Melee: Unarmed           |       |     5 |       ||     5
 Cast: Foxfire           |    43 |   124 |       ||   167
       Scorch            |     2 |    43 |     4 ||    49
  Use: Scroll            |       |     3 |       ||     3
Armor: Robe              |     1 |    20 |       ||    21
Dodge: Dodged            |     4 |    44 |     8 ||    56

Table legend: (Time is in decaauts)
 A = Elapsed time spent in this place.
 B = Non-inter-level travel time spent in this place.
 C = Inter-level travel time spent in this place.
 D = Time resting spent in this place.
 E = Time spent auto-exploring this place.
 F = Levels seen in this place.
 G = Mean time per level.
                   A        B        C        D        E       F      G
               +--------+--------+--------+--------+--------+-----+--------+
         Total |   5608 |   5518 |     90 |   2063 |   2196 |   5 | 1121.6 |
       Dungeon |   3967 |   3877 |     90 |   1017 |   2158 |   4 |  991.8 |
       Ossuary |   1640 |   1640 |      0 |   1046 |     38 |   1 | 1640.0 |
               +--------+--------+--------+--------+--------+-----+--------+

Top non-repeatable levels by time:
 Ossuary: 1640 daAuts
     D:1: 1272 daAuts
     D:4: 1072 daAuts
     D:3: 1050 daAuts
     D:2: 572 daAuts
